[Event "29th Czech Open-Rapid 2018"]
[Site "Pardubice"]
[Date "2018.07.18"]
[Round "1"]
[White "Gasanov, Eldar"]
[Black "Tarakanov, Oleg"]
[Result "1-0"]
[ECO "C25"]
[WhiteElo "2475"]
[BlackElo "2123"]
[Annotator "RC"]
[PlyCount "41"]
[EventDate "2018.07.18"]
[EventType "swiss"]
[EventCountry "CZE"]
[SourceTitle "playchess.com"]
[Source "ChessBase"]
[SourceQuality "1"]
[TimeControl "900+10"]

1. e4 e5 2. Nc3 Nc6 3. g3 d6 4. Bg2 Be7 5. Nge2 Bg4 6. h3 Bh5 7. O-O Nf6 8. g4 Bg6 9. f4 exf4 10. Nxf4 O-O 11. d4 Qd7 12. g5 Ne8 13. h4 h6 14. Bh3 Qd8 15. h5 hxg5 16. Nxg6 fxg6 17. Be6+ Kh7 18. Rxf8 Bxf8 19. Bf7 Qf6 20. hxg6+ Kh6 21. Kg2 1-0

[Event "29th Czech Open-Rapid 2018"]
[Site "Pardubice"]
[Date "2018.07.18"]
[Round "1"]
[White "Sadhwani, Raunak"]
[Black "Fiala, Milan"]
[Result "1-0"]
[ECO "A01"]
[WhiteElo "2409"]
[BlackElo "1845"]
[Annotator "NA"]
[PlyCount "77"]
[EventDate "2018.07.18"]
[EventType "swiss"]
[EventCountry "CZE"]
[SourceTitle "playchess.com"]
[Source "ChessBase"]
[SourceQuality "1"]
[TimeControl "900+10"]

1. b3 e5 2. Bb2 Nc6 3. e3 Nf6 4. Bb5 d6 5. d4 Bd7 6. Nf3 e4 7. Nfd2 d5 8. Bxc6 bxc6 9. c4 Bb4 10. a3 Bxd2+ 11. Nxd2 O-O 12. Qc2 Re8 13. h3 Rb8 14. Rc1 Rb7 15. b4 Qb8 16. Nb3 Be6 17. Na5 Rb6 18. c5 Ra6 19. Bc3 Bc8 20. O-O Rxa5 21. bxa5 Ba6 22. Rfe1 Bd3 23. Qd2 Nh5 24. f4 Ng3 25. Qf2 Nf5 26. g4 Ne7 27. Kh2 f5 28. Rg1 Qc8 29. Rg3 g6 30. Rcg1 Kh8 31. R3g2 fxg4 32. hxg4 Rf8 33. Qh4 Qe6 34. Be1 Rb8 35. Bg3 Rb3 36. f5 Qf7 37. Be5+ Kg8 38. Rf2 Qe8 39. f6 1-0

[Event "29th Czech Open-Rapid 2018"]
[Site "Pardubice"]
[Date "2018.07.18"]
[Round "1"]
[White "Straka, Vojtech"]
[Black "Zhuravlev, Stepan"]
[Result "*"]
[ECO "D37"]
[WhiteElo "2379"]
[BlackElo "2121"]
[Annotator "NA"]
[PlyCount "163"]
[EventDate "2018.07.18"]
[EventType "swiss"]
[EventCountry "CZE"]
[SourceTitle "playchess.com"]
[Source "ChessBase"]
[SourceQuality "1"]
[TimeControl "900+10"]

1. d4 d5 2. c4 e6 3. Nc3 Nf6 4. Nf3 Nbd7 5. g3 c6 6. Bg2 Be7 7. O-O O-O 8. Qc2 b6 9. b3 Bb7 10. Bb2 Rc8 11. Rfd1 Ba8 12. Rac1 Qc7 13. e4 Qb8 14. e5 Ne8 15. Qe2 Nc7 16. cxd5 cxd5 17. Nb5 Na6 18. a3 Bb7 19. Bf1 Nc7 20. Nxc7 Rxc7 21. Rxc7 Qxc7 22. Rc1 Qb8 23. Qb5 Rd8 24. Ne1 a6 25. Qe2 Rc8 26. Rxc8+ Qxc8 27. Qc2 Qxc2 28. Nxc2 Kf8 29. f4 g5 30. Ne3 gxf4 31. gxf4 f5 32. Be2 Kg7 33. Bh5 Nf8 34. Kf2 Ng6 35. Ng2 Bc6 36. Be2 a5 37. a4 Bb4 38. Ke3 Be8 39. Kd3 Ne7 40. Kc2 Kh6 41. Bc3 Bxc3 42. Kxc3 Bh5 43. Bb5 Ng6 44. Bd7 Bf3 45. Ne1 Be4 46. Bxe6 Nxf4 47. Bf7 Ne2+ 48. Kd2 Nxd4 49. Kc3 Ne2+ 50. Kd2 Nd4 51. Kc3 Nc6 52. e6 Kg7 53. Be8 Ne7 54. Nd3 Bxd3 55. Kxd3 Kf6 56. Bd7 Ke5 57. Kc3 f4 58. b4 h5 59. bxa5 bxa5 60. Kd3 h4 61. Ke2 Ke4 62. Bb5 f3+ 63. Kd2 d4 64. Ba6 Ke5 65. Bc4 Ng6 66. Bd3 Ne7 67. Bc4 Ke4 68. Ba6 Kd5 69. Bb7+ Kxe6 70. Bxf3 Ke5 71. Kd3 Nd5 72. Bd1 Nb6 73. Bb3 Nd7 74. Bd1 Kd5 75. Bb3+ Kc5 76. Be6 Nb6 77. Bb3 Nd5 78. Bd1 Nb4+ 79. Ke4 Kc4 80. Kf4 Nd5+ 81. Kg5 Nc3 82. Bg4 *

[Event "29th Czech Open-Rapid 2018"]
[Site "Pardubice"]
[Date "2018.07.18"]
[Round "1"]
[White "Cerveny, Martin"]
[Black "Jazdanovs, Aleksandrs"]
[Result "1-0"]
[ECO "E10"]
[WhiteElo "2359"]
[BlackElo "2205"]
[Annotator "NA RC"]
[PlyCount "87"]
[EventDate "2018.07.18"]
[EventType "swiss"]
[EventCountry "CZE"]
[SourceTitle "playchess.com"]
[Source "ChessBase"]
[SourceQuality "1"]
[TimeControl "900+10"]

1. d4 Nf6 2. Nf3 c5 3. d5 e6 4. c4 b5 5. dxe6 fxe6 6. cxb5 d5 7. Nc3 Bd6 8. e4 Nxe4 9. Nxe4 dxe4 10. Ng5 O-O 11. Bc4 Qe7 12. Qh5 g6 13. Qg4 Rf5 14. O-O a6 15. bxa6 Nxa6 16. Qxe4 Nc7 17. Rd1 Bd7 18. Be3 Re5 19. Qh4 Nd5 20. Nf3 Qxh4 21. Nxh4 Nxe3 22. fxe3 Re4 23. Rxd6 Rxc4 24. Nf3 Bb5 25. Rb6 Rb4 26. a4 Raxa4 27. Rxa4 Bxa4 28. Rxb4 cxb4 29. Kf2 Kg7 30. Ne1 Bb5 31. Nc2 b3 32. Nd4 Bc4 33. e4 e5 34. Nf3 Kf6 35. Ke3 h6 36. Kd2 Bf1 37. g3 Bg2 38. Ke3 Bxf3 39. Kxf3 h5 40. h4 g5 41. Ke3 gxh4 42. gxh4 Ke6 43. Kd3 Kd6 44. Kc4 1-0

[Event "29th Czech Open-Rapid 2018"]
[Site "Pardubice"]
[Date "2018.07.18"]
[Round "1"]
[White "Kathmale, Sameer"]
[Black "Effenberger, Adam"]
[Result "*"]
[ECO "B22"]
[WhiteElo "2323"]
[BlackElo "1817"]
[Annotator "NA"]
[PlyCount "67"]
[EventDate "2018.07.18"]
[EventType "swiss"]
[EventCountry "CZE"]
[SourceTitle "playchess.com"]
[Source "ChessBase"]
[SourceQuality "1"]
[TimeControl "900+10"]

1. e4 c5 2. c3 g6 3. d4 cxd4 4. cxd4 d5 5. e5 Nc6 6. Nc3 Bg7 7. h3 Nh6 8. g4 O-O 9. f4 f6 10. Bg2 e6 11. Nf3 fxe5 12. fxe5 b6 13. O-O Ba6 14. Rf2 Rc8 15. a3 Qe7 16. Bg5 Qd7 17. b4 Na5 18. Rc1 Nc4 19. a4 Nf7 20. Bf6 Ne3 21. Qe1 Nxg2 22. Kxg2 Rc4 23. b5 Bb7 24. h4 Nh6 25. Bxg7 Kxg7 26. Kg3 a6 27. Qe3 axb5 28. Nxb5 Rxc1 29. Qxc1 Rc8 30. Qg5 Ba6 31. Qf6+ Kg8 32. Ng5 Bxb5 33. axb5 Rc3+ 34. Kg2 *

[Event "29th Czech Open-Rapid 2018"]
[Site "Pardubice"]
[Date "2018.07.18"]
[Round "1"]
[White "Gabr, Mohsen"]
[Black "SKOLOUD, BARNABAS"]
[Result "*"]
[ECO "A96"]
[WhiteElo "2287"]
[BlackElo "1637"]
[Annotator "NA"]
[PlyCount "42"]
[EventDate "2018.07.18"]
[EventType "swiss"]
[EventCountry "CZE"]
[SourceTitle "playchess.com"]
[Source "ChessBase"]
[SourceQuality "1"]
[TimeControl "900+10"]

1. d4 f5 2. g3 Nf6 3. Bg2 e6 4. Nf3 Be7 5. O-O O-O 6. c4 d6 7. Nc3 Ne4 8. Qc2 Nxc3 9. Qxc3 Bf6 10. Qc2 e5 11. dxe5 dxe5 12. Rd1 Qe8 13. e4 Nc6 14. Be3 Qg6 15. Nd2 f4 16. Bc5 Rf7 17. Kh1 b6 18. Ba3 Nd4 19. Qd3 a5 20. gxf4 exf4 21. Rg1 Qh5 *

[Event "29th Czech Open-Rapid 2018"]
[Site "Pardubice"]
[Date "2018.07.18"]
[Round "1"]
[White "Bente, Bjoern"]
[Black "Alekseev, Mikhail G"]
[Result "1-0"]
[ECO "B12"]
[WhiteElo "2219"]
[BlackElo "1855"]
[Annotator "NA"]
[PlyCount "63"]
[EventDate "2018.07.18"]
[EventType "swiss"]
[EventCountry "CZE"]
[SourceTitle "playchess.com"]
[Source "ChessBase"]
[SourceQuality "1"]
[TimeControl "900+10"]

1. e4 c6 2. d4 d5 3. e5 c5 4. dxc5 e6 5. a3 Bxc5 6. b4 Bb6 7. Nf3 a5 8. b5 Ne7 9. Bd3 Ng6 10. O-O Nd7 11. Bb2 Nf4 12. Nbd2 Nxd3 13. cxd3 O-O 14. a4 Nc5 15. Qe2 Ba7 16. Rfc1 b6 17. Ba3 Re8 18. Bxc5 bxc5 19. Nb3 Qc7 20. Nxc5 Bxc5 21. d4 Bd7 22. dxc5 f6 23. c6 Bc8 24. Rab1 Rb8 25. Qe3 Rb6 26. exf6 gxf6 27. Qc3 e5 28. Qxa5 Bf5 29. Rb2 d4 30. Nd2 Bd3 31. Qb4 Reb8 32. Qc5 1-0

[Event "29th Czech Open-Rapid 2018"]
[Site "Pardubice"]
[Date "2018.07.18"]
[Round "1"]
[White "Ruzicka, Josef"]
[Black "Neuman, Petr"]
[Result "0-1"]
[ECO "B23"]
[WhiteElo "2139"]
[BlackElo "2440"]
[Annotator "NA RC"]
[PlyCount "97"]
[EventDate "2018.07.18"]
[EventType "swiss"]
[EventCountry "CZE"]
[SourceTitle "playchess.com"]
[Source "ChessBase"]
[SourceQuality "1"]
[TimeControl "900+10"]

1. e4 c5 2. Nc3 d6 3. f4 g6 4. Nf3 Bg7 5. Bb5+ Bd7 6. Bxd7+ Qxd7 7. O-O Nc6 8. d3 Nf6 9. Qe1 O-O 10. Qh4 Qg4 11. Qf2 Qd7 12. Qh4 d5 13. e5 Ne8 14. Bd2 f6 15. Rae1 Nc7 16. Nd1 Ne6 17. c3 f5 18. Ng5 Nxg5 19. Qxg5 Nd8 20. h4 Ne6 21. Qg3 Kf7 22. Nf2 h5 23. Nh3 Bh6 24. Be3 Qb5 25. Bc1 a5 26. Qf3 Qc6 27. c4 Rfd8 28. Be3 Rac8 29. Rc1 b6 30. Rfd1 Qd7 31. Kh1 a4 32. Kh2 Ra8 33. Kg3 b5 34. cxb5 Qxb5 35. Rc2 Rac8 36. Bf2 c4 37. dxc4 dxc4 38. Rcd2 Rxd2 39. Rxd2 Qb4 40. Qe2 c3 41. bxc3 Bxf4+ 42. Nxf4 Qxf4+ 43. Kh3 Rxc3+ 44. g3 Qc4 45. Qxc4 Rxc4 46. Kg2 Re4 47. Rd5 Re2 48. a3 Ra2 49. Rd3 0-1

[Event "29th Czech Open-Rapid 2018"]
[Site "Pardubice"]
[Date "2018.07.18"]
[Round "1"]
[White "Tarun V Kanth"]
[Black "Vusatiuk, Vladimir"]
[Result "1-0"]
[ECO "D26"]
[WhiteElo "2086"]
[BlackElo "2321"]
[Annotator "NA"]
[PlyCount "43"]
[EventDate "2018.07.18"]
[EventType "swiss"]
[EventCountry "CZE"]
[SourceTitle "playchess.com"]
[Source "ChessBase"]
[SourceQuality "1"]
[TimeControl "900+10"]

1. d4 d5 2. c4 dxc4 3. Nf3 Nf6 4. e3 e6 5. Bxc4 a6 6. O-O c5 7. Bb3 b5 8. a4 b4 9. Nbd2 Bb7 10. e4 Nbd7 11. e5 Nd5 12. Ne4 Ne3 13. Bxe3 Bxe4 14. d5 c4 15. dxe6 cxb3 16. exf7+ Kxf7 17. Ng5+ Kg6 18. Nxe4 Nxe5 19. Qxb3 Be7 20. f4 Qd3 21. f5+ Kh5 22. Ng3+ 1-0

[Event "29th Czech Open-Rapid 2018"]
[Site "Pardubice"]
[Date "2018.07.18"]
[Round "1"]
[White "Zdrazil, Tomas"]
[Black "Piscopo, Pierluigi"]
[Result "*"]
[ECO "B43"]
[WhiteElo "2065"]
[BlackElo "2389"]
[Annotator "NA"]
[PlyCount "49"]
[EventDate "2018.07.18"]
[EventType "swiss"]
[EventCountry "CZE"]
[SourceTitle "playchess.com"]
[Source "ChessBase"]
[SourceQuality "1"]
[TimeControl "900+10"]

1. e4 c5 2. Nf3 e6 3. d4 cxd4 4. Nxd4 a6 5. Nc3 b5 6. Bd3 Qb6 7. Nb3 Qc7 8. O-O Nf6 9. f4 Bb7 10. e5 b4 11. exf6 bxc3 12. Qe2 gxf6 13. bxc3 Nc6 14. Rb1 Ne7 15. c4 f5 16. Bd2 Rg8 17. Rf2 Rc8 18. Ba5 Qd6 19. Bc3 Ng6 20. Be5 Nxe5 21. fxe5 Qb6 22. c5 Rxc5 23. Nd2 Qa7 24. Kf1 Rc7 25. Nb3 *

[Event "29th Czech Open-Rapid 2018"]
[Site "Pardubice"]
[Date "2018.07.18"]
[Round "1"]
[White "Hauschild, Rudolf jun"]
[Black "Mirzoeva, Elmira"]
[Result "1-0"]
[ECO "C41"]
[WhiteElo "2015"]
[BlackElo "2249"]
[Annotator "NA RC"]
[PlyCount "203"]
[EventDate "2018.07.18"]
[EventType "swiss"]
[EventCountry "CZE"]
[SourceTitle "playchess.com"]
[Source "ChessBase"]
[SourceQuality "1"]
[TimeControl "900+10"]

1. e4 d6 2. d4 Nf6 3. Nc3 e5 4. Nf3 Nbd7 5. dxe5 dxe5 6. Bc4 Bb4 7. Qe2 O-O 8. O-O c6 9. a4 Qe7 10. h3 a5 11. Rd1 Nc5 12. Bg5 h6 13. Bxf6 Qxf6 14. Kh1 Be6 15. Bxe6 Qxe6 16. Nb1 Rfd8 17. Nbd2 Nd7 18. c3 Bc5 19. Nc4 f6 20. b3 Be7 21. Qc2 Nc5 22. Rd2 Rxd2 23. Nfxd2 Bd8 24. b4 axb4 25. cxb4 Nd7 26. a5 Be7 27. Qc3 Bf8 28. Rb1 Kh7 29. Rd1 Be7 30. Rb1 Rd8 31. Qc2 Nb8 32. Nb6 Na6 33. b5 Nb4 34. Qc4 Qxc4 35. Ndxc4 cxb5 36. Ne3 Rd4 37. f3 Bc5 38. Ned5 Nxd5 39. Nxd5 b4 40. Rc1 Bd6 41. Kg1 b3 42. Rb1 Bc5 43. Kf1 Rd2 44. Rxb3 Rf2+ 45. Ke1 Rxg2 46. Rxb7 Ra2 47. Nxf6+ Kg6 48. Ne8 Bf8 49. Rb5 Rxa5 50. Rxa5 Bb4+ 51. Kf2 Bxa5 52. Kg2 Be1 53. Nc7 Kf6 54. Nd5+ Ke6 55. Ne3 g6 56. Nc4 h5 57. Ne3 Bh4 58. Nd1 Kd6 59. Ne3 Kc5 60. Kf1 Kd4 61. Ke2 Bf6 62. Nc2+ Kc3 63. Ne3 Bg5 64. Nd1+ Kc2 65. Nf2 Bf4 66. Nd3 Bg3 67. Nc5 Kc3 68. Nd7 Kd4 69. Nf8 Kc5 70. Nxg6 Kd6 71. Ke3 Kd7 72. f4 exf4+ 73. Nxf4 h4 74. Kf3 Kd6 75. Ng6 Ke6 76. Kg4 Bf2 77. Nf4+ Kf6 78. e5+ Kf7 79. Kf5 Bc5 80. e6+ Ke8 81. Nd5 Bd6 82. Nf6+ Ke7 83. Ne4 Bb4 84. Nf6 Bd6 85. Nd5+ Ke8 86. Kf6 Bg3 87. e7 Bd6 88. Ke6 Bxe7 89. Nxe7 Kf8 90. Ng6+ Kg7 91. Kf5 Kh6 92. Nxh4 Kh5 93. Nf3 Kh6 94. h4 Kh5 95. Kf4 Kh6 96. Kg4 Kg6 97. h5+ Kh6 98. Ne5 Kg7 99. Kg5 Kh7 100. h6 Kg8 101. Kg6 Kh8 102. Nf7+ 1-0

[Event "29th Czech Open-Rapid 2018"]
[Site "Pardubice"]
[Date "2018.07.18"]
[Round "1"]
[White "Zarovs, Aleksandrs"]
[Black "Gomes, Mary Ann"]
[Result "0-1"]
[ECO "B51"]
[WhiteElo "1836"]
[BlackElo "2284"]
[Annotator "NA"]
[PlyCount "58"]
[EventDate "2018.07.18"]
[EventType "swiss"]
[EventCountry "CZE"]
[SourceTitle "playchess.com"]
[Source "ChessBase"]
[SourceQuality "1"]
[TimeControl "900+10"]

1. e4 c5 2. Nf3 d6 3. Bb5+ Nd7 4. d4 cxd4 5. Qxd4 a6 6. Bxd7+ Bxd7 7. c4 e5 8. Qd3 h6 9. Nc3 Nf6 10. O-O Rc8 11. b3 Be7 12. Rd1 O-O 13. a4 Qb6 14. Rb1 Be6 15. Ba3 Rfd8 16. h3 Nh5 17. Qc2 Bf8 18. Rd2 Qa5 19. Rbd1 b5 20. b4 Qc7 21. c5 dxc5 22. Rxd8 Rxd8 23. Rxd8 Qxd8 24. bxc5 Qa5 25. Nxe5 b4 26. Nc6 Qxc5 27. Nxb4 a5 28. Ncd5 Bxd5 29. Nxd5 Qxc2 0-1

[Event "29th Czech Open-Rapid 2018"]
[Site "Pardubice"]
[Date "2018.07.18"]
[Round "2"]
[White "Boruchovsky, Avital"]
[Black "Turner, Jan"]
[Result "1-0"]
[ECO "A40"]
[WhiteElo "2558"]
[BlackElo "2348"]
[Annotator "RC"]
[PlyCount "39"]
[EventDate "2018.07.18"]
[EventType "swiss"]
[EventCountry "CZE"]
[SourceTitle "playchess.com"]
[Source "ChessBase"]
[SourceQuality "1"]
[TimeControl "900+10"]

1. d4 Nc6 2. Nf3 d6 3. e4 Nf6 4. Nc3 g6 5. Be3 Bg7 6. d5 Nb8 7. h3 c6 8. Be2 O-O 9. O-O cxd5 10. exd5 Nbd7 11. Re1 a6 12. a4 Qc7 13. a5 b5 14. axb6 Nxb6 15. Qd4 Rb8 16. Bxa6 Ng4 17. Qf4 Nxe3 18. Rxe3 Bxa6 19. Rxa6 Nc4 20. Rc6 1-0

[Event "29th Czech Open-Rapid 2018"]
[Site "Pardubice"]
[Date "2018.07.18"]
[Round "2"]
[White "Deepan Chakkravarthy J"]
[Black "Maltsevskyay, Aleksandra"]
[Result "1-0"]
[ECO "E84"]
[WhiteElo "2519"]
[BlackElo "2297"]
[Annotator "RC"]
[PlyCount "67"]
[EventDate "2018.07.18"]
[EventType "swiss"]
[EventCountry "CZE"]
[SourceTitle "playchess.com"]
[Source "ChessBase"]
[SourceQuality "1"]
[TimeControl "900+10"]

1. c4 Nf6 2. Nc3 g6 3. e4 d6 4. d4 Bg7 5. f3 O-O 6. Be3 Nc6 7. Nge2 a6 8. Qd2 Rb8 9. Rb1 Nd7 10. h4 h5 11. b4 b5 12. c5 e5 13. d5 Ne7 14. Ng3 f5 15. exf5 Nxf5 16. Bg5 Bf6 17. Nge4 Bxg5 18. hxg5 Qe7 19. c6 Nb6 20. Nf6+ Kg7 21. Nce4 Nd4 22. Bd3 Rh8 23. Rh4 Bf5 24. Ng3 Qf7 25. Rxd4 exd4 26. Bxf5 gxf5 27. Nxf5+ Kf8 28. Qxd4 Rg8 29. f4 Re8+ 30. Kf2 Qg6 31. Nxe8 Kxe8 32. Qe4+ Kd8 33. Re1 Qf7 34. Nh6 1-0

[Event "29th Czech Open-Rapid 2018"]
[Site "Pardubice"]
[Date "2018.07.18"]
[Round "2"]
[White "Geller, Jakov"]
[Black "Zlatin, Alexander"]
[Result "1-0"]
[ECO "C50"]
[WhiteElo "2518"]
[BlackElo "2200"]
[Annotator "RC"]
[PlyCount "93"]
[EventDate "2018.07.18"]
[EventType "swiss"]
[EventCountry "CZE"]
[SourceTitle "playchess.com"]
[Source "ChessBase"]
[SourceQuality "1"]
[TimeControl "900+10"]

1. e4 e5 2. Nf3 Nc6 3. Bc4 Bc5 4. O-O Nf6 5. d3 h6 6. c3 d6 7. Bb3 a6 8. Re1 Ba7 9. Nbd2 O-O 10. h3 Nh5 11. Nf1 Qf6 12. Be3 Nf4 13. d4 Ne7 14. Ng3 Neg6 15. Bc2 Nh4 16. Nxh4 Qxh4 17. Qf3 Qf6 18. Nf5 Bxf5 19. exf5 g5 20. g3 exd4 21. cxd4 Nxh3+ 22. Kg2 Bxd4 23. Kxh3 Bxe3 24. Qxe3 Qxb2 25. Qd3 Qf6 26. Rab1 b5 27. Qd5 Qc3 28. Bb3 c5 29. Qxd6 c4 30. Qxh6 Qg7 31. Qxg7+ Kxg7 32. Bc2 Kf6 33. Rbd1 Rfd8 34. Kg4 Rab8 35. f4 gxf4 36. Kxf4 b4 37. g4 Rxd1 38. g5+ Kg7 39. f6+ Kg8 40. Rxd1 b3 41. axb3 cxb3 42. Be4 a5 43. g6 fxg6 44. Kg5 a4 45. Kxg6 b2 46. Rh1 b1=Q 47. Bxb1 1-0

[Event "29th Czech Open-Rapid 2018"]
[Site "Pardubice"]
[Date "2018.07.18"]
[Round "2"]
[White "Potapov, Pavel"]
[Black "Nun, Jiri"]
[Result "1-0"]
[ECO "B22"]
[WhiteElo "2500"]
[BlackElo "2306"]
[Annotator "ChessBase"]
[PlyCount "87"]
[EventDate "2018.07.18"]
[EventType "swiss"]
[EventCountry "CZE"]
[SourceTitle "playchess.com"]
[Source "ChessBase"]
[SourceQuality "1"]
[TimeControl "900+10"]

1. e4 c5 2. c3 Nf6 3. e5 Nd5 4. Bc4 Nc7 5. Nf3 e6 6. d4 cxd4 7. cxd4 d5 8. Bd3 Be7 9. Nc3 b6 10. h4 Ba6 11. h5 Bxd3 12. Qxd3 h6 13. Rh3 Nc6 14. Rg3 Bf8 15. Bf4 Qd7 16. O-O-O Na5 17. b3 Nc6 18. Kb1 O-O-O 19. Rc1 Kb7 20. Ne1 Rc8 21. Nc2 Ne7 22. a3 g5 23. hxg6 Nxg6 24. Bd2 Be7 25. Rf3 Bg5 26. Kb2 Bxd2 27. Qxd2 Nh4 28. Rh3 Qe7 29. Rch1 Ng6 30. Rxh6 Rxh6 31. Rxh6 a5 32. g3 Qf8 33. Rh7 Qg8 34. Qh6 Ne8 35. a4 Rc7 36. Na3 Re7 37. Nab5 Ka6 38. Nd6 Nxd6 39. exd6 Rd7 40. Nb5 Qd8 41. Qc1 Kb7 42. f4 Qf6 43. Qc3 Qf5 44. Rh1 1-0

[Event "29th Czech Open-Rapid 2018"]
[Site "Pardubice"]
[Date "2018.07.18"]
[Round "2"]
[White "Mirzoev, Emil"]
[Black "Lushnikov, Evgeny"]
[Result "1-0"]
[ECO "E27"]
[WhiteElo "2412"]
[BlackElo "2136"]
[Annotator "NA"]
[PlyCount "81"]
[EventDate "2018.07.18"]
[EventType "swiss"]
[EventCountry "CZE"]
[SourceTitle "playchess.com"]
[Source "ChessBase"]
[SourceQuality "1"]
[TimeControl "900+10"]

1. d4 Nf6 2. c4 e6 3. Nc3 Bb4 4. a3 Bxc3+ 5. bxc3 O-O 6. f3 d5 7. cxd5 exd5 8. e3 c5 9. Bd3 b6 10. Ne2 Ba6 11. O-O Re8 12. Ng3 Bxd3 13. Qxd3 Nc6 14. Bb2 Rc8 15. Rae1 Na5 16. e4 Nc4 17. Bc1 cxd4 18. cxd4 dxe4 19. fxe4 Ne5 20. Qd2 Nc4 21. Qf2 Qd7 22. e5 Nd5 23. Nf5 Rc6 24. Qf3 Rg6 25. Nd6 Nxd6 26. Qxd5 Rge6 27. Bb2 R6e7 28. Rc1 Nb5 29. Qe4 Nc7 30. Rc3 Nd5 31. Rh3 g6 32. Qh4 h5 33. Rg3 Qb5 34. Bc1 Qe2 35. Rgf3 Rc7 36. Bg5 Re6 37. Bh6 Re8 38. h3 Kh7 39. Qg5 Ree7 40. Bf8 f6 41. Qh6+ 1-0

[Event "29th Czech Open-Rapid 2018"]
[Site "Pardubice"]
[Date "2018.07.18"]
[Round "2"]
[White "Shkuran, Daniil"]
[Black "Tarun V Kanth"]
[Result "1-0"]
[ECO "C15"]
[WhiteElo "2404"]
[BlackElo "2086"]
[Annotator "NA"]
[PlyCount "59"]
[EventDate "2018.07.18"]
[EventType "swiss"]
[EventCountry "CZE"]
[SourceTitle "playchess.com"]
[Source "ChessBase"]
[SourceQuality "1"]
[TimeControl "900+10"]

1. e4 e6 2. d4 d5 3. Nc3 Bb4 4. Nge2 dxe4 5. a3 Be7 6. Nxe4 Nf6 7. N2c3 Nxe4 8. Nxe4 Nc6 9. c3 O-O 10. Bc4 b6 11. O-O Bb7 12. Re1 Na5 13. Bd3 Qd5 14. b4 Nc4 15. f3 Nd6 16. Bf4 Qh5 17. Ng3 Qh4 18. Qd2 Bd5 19. Re5 g6 20. Ne4 Bxe4 21. fxe4 Bd8 22. Rf1 Qe7 23. d5 Qd7 24. dxe6 fxe6 25. Bc4 Re8 26. Bh6 Bf6 27. Rxf6 Qe7 28. Rfxe6 Nxc4 29. Rxe7 Rxe7 30. Qd5+ 1-0

[Event "29th Czech Open-Rapid 2018"]
[Site "Pardubice"]
[Date "2018.07.18"]
[Round "2"]
[White "Grekh, Andrey"]
[Black "Barak, Gil"]
[Result "1-0"]
[ECO "C44"]
[WhiteElo "2400"]
[BlackElo "1993"]
[Annotator "NA"]
[PlyCount "43"]
[EventDate "2018.07.18"]
[EventType "swiss"]
[EventCountry "CZE"]
[SourceTitle "playchess.com"]
[Source "ChessBase"]
[SourceQuality "1"]
[TimeControl "900+10"]

1. e4 e5 2. Nf3 Nc6 3. d4 exd4 4. c3 dxc3 5. Nxc3 Bb4 6. Bc4 Nf6 7. e5 d5 8. exf6 dxc4 9. Qxd8+ Nxd8 10. fxg7 Rg8 11. Bh6 Bf5 12. O-O-O Ne6 13. Nd5 Be7 14. Nd4 Nxd4 15. Rxd4 Rc8 16. Re1 Be6 17. Nxe7 Kxe7 18. Bg5+ f6 19. Rde4 fxg5 20. Rxe6+ Kf7 21. Re7+ Kf6 22. g4 1-0

[Event "29th Czech Open-Rapid 2018"]
[Site "Pardubice"]
[Date "2018.07.18"]
[Round "2"]
[White "Manik, Mikulas"]
[Black "Annenkov, Kirill"]
[Result "1-0"]
[ECO "B13"]
[WhiteElo "2400"]
[BlackElo "2214"]
[Annotator "NA"]
[PlyCount "63"]
[EventDate "2018.07.18"]
[EventType "swiss"]
[EventCountry "CZE"]
[SourceTitle "playchess.com"]
[Source "ChessBase"]
[SourceQuality "1"]
[TimeControl "900+10"]

1. e4 c6 2. d4 d5 3. exd5 cxd5 4. Bd3 Nc6 5. c3 Qc7 6. h3 Nf6 7. Nf3 g6 8. O-O Bf5 9. Re1 Bxd3 10. Qxd3 Bg7 11. Ne5 O-O 12. Bf4 Qb6 13. b3 Nxe5 14. Bxe5 Rac8 15. Nd2 Rfd8 16. a4 a5 17. Rab1 e6 18. Qf3 Ne8 19. Bxg7 Kxg7 20. Re3 Nd6 21. g4 Rc6 22. Qf4 Qc7 23. Rc1 Rc8 24. Rf3 b5 25. axb5 Nxb5 26. Qf6+ Kg8 27. c4 dxc4 28. bxc4 Qd7 29. Ne4 Nxd4 30. Re3 e5 31. Qxe5 Nf3+ 32. Rxf3 1-0

[Event "29th Czech Open-Rapid 2018"]
[Site "Pardubice"]
[Date "2018.07.18"]
[Round "2"]
[White "Frolov, Artur"]
[Black "Vorobiov, Evgeny E"]
[Result "1/2-1/2"]
[ECO "B36"]
[WhiteElo "2393"]
[BlackElo "2564"]
[Annotator "ChessBase"]
[PlyCount "93"]
[EventDate "2018.07.18"]
[EventType "swiss"]
[EventCountry "CZE"]
[SourceTitle "playchess.com"]
[Source "ChessBase"]
[SourceQuality "1"]
[TimeControl "900+10"]

1. e4 c5 2. Nf3 g6 3. d4 cxd4 4. Nxd4 Nc6 5. c4 Nf6 6. Nc3 Bg7 7. Be3 O-O 8. Be2 d6 9. f3 Nxd4 10. Bxd4 Bd7 11. Qd2 a5 12. Rc1 Bc6 13. Nd5 e6 14. Nxf6+ Bxf6 15. Bxf6 Qxf6 16. O-O Rfd8 17. Rfd1 Qe5 18. Qd4 Qxd4+ 19. Rxd4 Kf8 20. Kf2 Ke7 21. Ke3 h5 22. c5 d5 23. exd5 Rxd5 24. Rxd5 Bxd5 25. Bc4 Bc6 26. Rc3 a4 27. Ra3 Rd8 28. Rd3 Rb8 29. b4 axb3 30. axb3 b5 31. cxb6 Rxb6 32. h4 Rb8 33. Kd4 Bd7 34. f4 Bc6 35. g3 Bg2 36. Rd2 Bf3 37. Kc3 Rc8 38. Ra2 Rc7 39. Kd4 Rb7 40. Ra5 Rd7+ 41. Ke3 Bh1 42. b4 Rd1 43. Ra3 Bd5 44. Bxd5 exd5 45. Rd3 Rb1 46. Rxd5 Rxb4 47. Rd3 1/2-1/2

[Event "29th Czech Open-Rapid 2018"]
[Site "Pardubice"]
[Date "2018.07.18"]
[Round "2"]
[White "Pulpan, Jakub"]
[Black "Michelle Catherina, P."]
[Result "1/2-1/2"]
[ECO "A46"]
[WhiteElo "2386"]
[BlackElo "2069"]
[Annotator "NA"]
[PlyCount "80"]
[EventDate "2018.07.18"]
[EventType "swiss"]
[EventCountry "CZE"]
[SourceTitle "playchess.com"]
[Source "ChessBase"]
[SourceQuality "1"]
[TimeControl "900+10"]

1. d4 Nf6 2. Nf3 e6 3. c4 d5 4. Bf4 c5 5. e3 cxd4 6. exd4 Bb4+ 7. Nbd2 O-O 8. c5 b6 9. a3 Bxd2+ 10. Qxd2 Ne4 11. Qc2 Ba6 12. Bxa6 Nxa6 13. b4 bxc5 14. dxc5 f6 15. O-O e5 16. Be3 Nc7 17. Rfd1 Qe8 18. Nd2 f5 19. f4 d4 20. Nxe4 fxe4 21. Qxe4 dxe3 22. fxe5 Qe7 23. Qxe3 Rae8 24. c6 Qxe5 25. Qxa7 Nb5 26. Qc5 Qxc5+ 27. bxc5 Rc8 28. a4 Na7 29. a5 Rxc6 30. Rd7 Nb5 31. a6 Rxc5 32. a7 Ra8 33. Rb7 Nd6 34. Rb6 Rc7 35. Rb8+ Rc8 36. Rd1 Nb5 37. Rxb5 Rxa7 38. h4 Rac7 39. Kh2 h6 40. g3 Rc5 1/2-1/2